 Dungeon Crawl Stone Soup version 0.29.1-1-gd02db6906a (webtiles) character file.

Game seed: 3677279661994254147

1176 Chimkentus the Scratcher (level 8, -21/43 HPs)
             Began as a Felid Transmuter on Sept 27, 2022.
             Was a Priest of Wu Jian.
             Killed from afar by an acid dragon (32 damage)
             ... with a splash of acid
             ... on level 6 of the Dungeon.
             The game lasted 01:08:35 (9294 turns).

Chimkentus the Scratcher (Felid Transmuter)         Turns: 9294, Time: 01:08:35

Health: -21/43     AC:  7    Str:  6    XL:     8   Next: 18%
Magic:  9/15       EV: 28    Int: 17    God:    Wu Jian [***...]
Gold:   353        SH:  0    Dex: 28    Spells: 5/15 levels left
                                        Lives:  0   Deaths: 2

rFire   x . .      SeeInvis +     - Unarmed
rCold   + + +      Faith    .   (shield unavailable)
rNeg    . . .      Spirit   .   (body armour unavailable)
rPois   +          Reflect  .   (helmet unavailable)
rElec   .          Harm     .   (cloak unavailable)
rCorr   .          Rampage  .   (gloves unavailable)
Will    +....                   (boots unavailable)
Stlth   ++++......              s - amulet of the acrobat
HPRegen 0.14/turn               j - +6 ring of dexterity
MPRegen 0.14/turn               n - +6 ring of dexterity

@: ice-form, wereblooded, acrobatic, hasted, very quick
A: freezing attack, amphibious, boosted hp, large, (claws 1), (fangs 3), see
invisible, (speed 1), (shaggy fur 2), (stealthy paws), no weapons or thrown
items, no armour, multi-lived
a: End Transformation, Renounce Religion, Wall Jump, Serpent's Lash


You were on level 6 of the Dungeon.
You worshipped Wu Jian.
Wu Jian was most pleased with you.
You were a creature of crystalline ice.
You visited 1 branch of the dungeon, and saw 6 of its levels.

You collected 353 gold pieces.

Inventory:

Jewellery
 b - a ring of willpower
 j - a +6 ring of dexterity (left front paw)
 n - a +6 ring of dexterity (right front paw)
 s - an amulet of the acrobat (around neck)
Scrolls
 c - a scroll of enchant armour
 e - a scroll of noise
 g - a scroll of enchant weapon
 k - a scroll of amnesia
 m - a scroll of torment
 o - a scroll of summoning {unknown}
 q - a scroll of fear {unknown}
 r - a scroll of vulnerability {unknown}
 t - a scroll of teleportation
Potions
 a - a potion of lignification
 d - 3 potions of mutation
 f - 2 potions of flight
 h - a potion of resistance
 i - a potion of invisibility
 p - a potion of degeneration


   Skills:
 * Level 4.8 Fighting
 + Level 3.9 Dodging
 + Level 6.1 Stealth
 + Level 6.3 Unarmed Combat
 + Level 4.3 Spellcasting
 * Level 6.0 Transmutations
 * Level 2.3 Ice Magic
 + Level 0.7 Poison Magic
 * Level 3.2 Evocations


You had 5 spell levels left.
You knew the following spells:

 Your Spells              Type           Power      Damage    Failure   Level
a - Beastly Appendage     Tmut           48%        N/A       1%          1
b - Wereblood             Tmut           24%        N/A       1%          2
c - Spider Form           Tmut/Pois      15%        N/A       12%         3
d - Ice Form              Ice/Tmut       17%        N/A       26%         4

Your spell library contained the following spells:

 Spells                   Type           Power      Damage    Failure   Level
 Ignite Poison            Fire/Tmut/Pois 11%        N/A       19%         3
 Mephitic Cloud           Conj/Pois/Air  4%         N/A       38%         3
 Passage of Golubria      Tloc           3%         N/A       83%         4
 Freezing Cloud           Conj/Ice/Air   3%         6-21      97%         5
 Silence                  Hex/Air        1%         N/A       99%         5
 Lehudib's Crystal Spear  Conj/Erth      1%         10d2      100%        8


Dungeon Overview and Level Annotations

Branches:
Dungeon (6/15)
 Temple: D:4-7

Altars:
Gozag
Makhleb
Ru
Wu Jian
Zin


Innate Abilities, Weirdness & Mutations

You are a creature of crystalline ice.
You have a powerful freezing melee attack.
You are amphibious.
Your maximum health is increased.
((You have sharp claws.))
((You have razor-sharp teeth.))
You have supernaturally acute eyesight. (SInv)
((You cover ground quickly. (Speed+)))
((You are covered in thick fur. (AC +2)))
((Your paws help you pounce on unaware monsters.))
You are incapable of wielding weapons or throwing items.
You cannot wear armour.
You gain extra lives every three experience levels.


Message History

You hear a shout!
You hear a shout!
You hear a shout! x2
You hear a shout!
You hear a shout!
You hear a shout!
You hear a shout!
You hear a shout!
You hear a shout!
Duvessa is nearby!
Casting: Wereblood (safe; 1% risk of failure)
Confirm with . or Enter, or press ? or * to list all spells.
The spell is extremely dangerous to miscast (28% risk of failure)!
Continue anyway?
You turn into a creature of crystalline ice.
You hear a shout!
Casting: Ice Form (quite dangerous; 28% risk of failure)
Confirm with . or Enter, or press ? or * to list all spells.
Your blood is infused with primal strength.
Casting: Wereblood (safe; 1% risk of failure)
Confirm with . or Enter, or press ? or * to list all spells.
Okay, then.
You feel yourself speed up.
Found a stone staircase leading down.
You lunge at Duvessa.
You punch Duvessa! You freeze Duvessa!
Duvessa is severely wounded.
Duvessa hits you with a +0 rapier!
The hound barks!
You hit Duvessa but do no damage.
Duvessa is severely wounded.
Duvessa hits you with a +0 rapier!
* * * LOW HITPOINT WARNING * * *
You punch Duvessa! You freeze Duvessa.
You feel a bit better.
You kill Duvessa!
The Council accepts your kill.
A necrophage comes into view.
Your Transmutations skill increases to level 6!
The acid dragon spits acid at you. The splash of acid hits you!!
Ouch! That really hurt!
You die...

####....<....... ......#
##.......................##
##.........................#
##.#..........................#
#..............................
#......<.......................
.#.............................
..............)................
..............Y...o............
#...................>....)....#
....(............hD......o....#
..............................#
...................n........o##
........................e....#
......................e.....#o
......>.>..................##.
................... ...... ##


You could see an acid dragon (catching breath), a necrophage, a hound and an orc
wizard.

Vanquished Creatures
  A steam dragon (D:4)
  Duvessa (D:6)
  2 black bears
  An orc warrior (D:6)
  A centaur (D:5)
  4 necrophages
  2 bullfrogs (D:6)
  4 scorpions
  A quasit (D:4)
  3 orc priests
  2 jellies
  6 hounds
  Jessica (D:3)
  Ijyb (D:3)
  7 iguanas
  4 orc wizards
  Robin (D:3)
  3 adders
  4 shadow imps (D:4)
  5 white imps
  6 ufetubi
  4 worms
  2 dart slugs (D:2)
  32 orcs
  7 bats
  10 endoplasms
  4 giant cockroaches
  11 goblins
  7 hobgoblins
  6 quokkas
  10 ball pythons
  A frilled lizard (D:3)
  8 kobolds
  7 rats
169 creatures vanquished.

Vanquished Creatures (others)
  6 bushes (D:6)
  9 demonic plants (D:4)
  13 plants (D:6)
28 creatures vanquished.

Grand Total: 197 creatures vanquished

Notes
Turn   | Place    | Note
-------+----------+-------------------------------------------
     0 | D:1      | Chimkentus the Felid Transmuter began the quest for the
                  | Orb.
     0 | D:1      | Reached XP level 1. HP: 9/9 MP: 4/4
   278 | D:1      | Reached XP level 2. HP: 12/12 MP: 4/6
   281 | D:1      | Learned a level 2 spell: Wereblood
  1253 | D:1      | Reached skill level 1 in Stealth
  1457 | D:2      | Found an ornate altar of the Wu Jian Council.
  1466 | D:2      | Became a worshipper of the Wu Jian Council
  1574 | D:2      | Reached XP level 3. HP: 10/15 MP: 4/7
  1840 | D:2      | Identified the +1 leather armour "Inudok" {rC++ Dex-2}
  2380 | D:2      | Identified the +6 spear of Rilotue {freeze, rElec rC+
                  | rCorr}
  2769 | D:3      | Noticed Jessica
  2833 | D:3      | Reached XP level 4. HP: 17/19 MP: 5/9
  3021 | D:3      | Reached * piety under Wu Jian
  3260 | D:3      | Found an opulent altar of Gozag.
  3500 | D:3      | Noticed Robin
  3566 | D:3      | Noticed Ijyb
  3928 | D:3      | Killed Ijyb
  4048 | D:3      | Killed Robin
  4111 | D:3      | Reached XP level 5. HP: 22/22 MP: 8/10
  4145 | D:3      | Noticed a black bear
  4151 | D:3      | Killed a black bear
  4485 | D:3      | Killed Jessica
  4486 | D:3      | Reached skill level 1 in Evocations
  4547 | D:2      | Gained mutation: You are covered in thick fur. (AC +2)
                  | [Felid growth]
  4547 | D:2      | Reached XP level 6. HP: 26/26 MP: 7/11
  5187 | D:4      | Killed from afar by an orc priest
  5188 | D:4      | Reached XP level 5. HP: 0/22 MP: 7/10
  5188 | D:4      | Noticed a black bear
  5263 | D:4      | Reached ** piety under Wu Jian
  5269 | D:4      | Found a burning altar of Makhleb.
  5327 | D:4      | Noticed a steam dragon
  5327 | D:4      | a black bear changed into a steam dragon
  5329 | D:4      | You fall into a shaft and drop 1 floor!
  5329 | D:5      | Entered Level 5 of the Dungeon
  5612 | D:5      | Reached XP level 6. HP: 17/27 MP: 11/11
  5824 | D:5      | Learned a level 3 spell: Spider Form
  5829 | D:5      | Learned a level 4 spell: Ice Form
  6076 | D:4      | HP: 1/27 [white imp/puff of frost (8)]
  6404 | D:4      | Found an ornate altar of the Wu Jian Council.
  6404 | D:4      | Found a glowing silver altar of Zin.
  6574 | D:4      | Killed a steam dragon
  6575 | D:4      | Reached XP level 7. HP: 27/31 MP: 13/13
  6642 | D:4      | Reached skill level 1 in Ice Magic
  6782 | D:4      | Reached skill level 5 in Transmutations
  6929 | D:4      | Reached skill level 5 in Unarmed Combat
  7146 | D:5      | Reached skill level 5 in Stealth
  7146 | D:5      | Reached XP level 8. HP: 34/36 MP: 10/14
  7523 | D:5      | Found a sacrificial altar of Ru.
  7927 | D:6      | Noticed Duvessa
  7927 | D:6      | Noticed Dowan
  8147 | D:6      | Reached *** piety under Wu Jian
  8302 | D:6      | Noticed Edmund
  8303 | D:6      | Noticed Edmund
  8303 | D:6      | Edmund changed into Edmund the ball python
  8308 | D:6      | Killed Edmund the ball python
  8947 | D:6      | Noticed Dowan
  8947 | D:6      | Dowan changed into Dowan the rat
  8961 | D:6      | Killed Dowan the rat
  9179 | D:6      | Mangled by Duvessa
  9180 | D:6      | Reached XP level 7. HP: -6/33 MP: 11/14
  9221 | D:6      | Reached XP level 8. HP: 19/36 MP: 5/15
  9293 | D:6      | Killed Duvessa
  9294 | D:6      | Killed from afar by an acid dragon

Illustrated notes

Levels and vault maps discovered:
D:1:      spicycebolla_arrival_xxxplode, layout_basic
D:2:      layout_loops_cross, basic_altar, minmay_misc_feat_chi,
          bh_walls_and_bars
D:3:      layout_loops_corners, nicolae_gozag_seed_capital, uniq_ijyb,
          uniq_robin, uniq_jessica
D:4:      layout_basic, mainiacjoe_overflow_large_starburst,
          kennysheep_little_box, serial_demonic, serial_demonic_d,
          serial_demonic_b, serial_demonic_c, serial_demonic_c,
          serial_demonic_g, serial_demonic_b, serial_demonic_d,
          serial_demonic_b, serial_demonic_a, serial_demonic_b
D:5:      layout_gridville, nicolae_ru_the_path_less_chosen
D:6:      layout_layer_cave, fedhas_altar_decomposition, uniq_duvessa,
          uniq_edmund

Skill      XL: |  1  2  3  4  5  6  7  8 |
---------------+-------------------------+-----
Stealth        | 1 2 3 4 5 6 |  6.1
Transmutations | 3 4 5 6 |  6.0
Dodging        | 3 |  3.9
Spellcasting   | 3 4 |  4.3
Fighting       | 2 3 4 |  4.8
Evocations     | 1 3 2 |  3.2
Unarmed Combat | 4 5 6 |  6.3
Ice Magic      | 1 2 |  2.3
Poison Magic   | |  0.7

Action                   |  1- 3 |  4- 6 |  7- 9 || total
-------------------------+-------+-------+-------++-------
Melee: Unarmed           |   116 |   188 |   168 ||   472
       Headbutt          |    16 |    19 |    12 ||    47
       Bite              |     5 |    18 |     9 ||    32
       Punch             |     2 |     4 |     4 ||    10
 Cast: Beastly Appendage |    35 |    31 |    10 ||    76
       Wereblood         |    14 |    12 |     6 ||    32
       Spider Form       |       |     3 |    10 ||    13
       Ice Form          |       |       |     7 ||     7
Invok: Lunge             |     6 |    20 |    19 ||    45
       Whirlwind         |       |    11 |    21 ||    32
       Serpent's Lash    |       |       |     1 ||     1
 Abil: End Transformatio |       |     1 |       ||     1
       Wall Jump         |       |       |     8 ||     8
Evoke: Wand              |       |    11 |     7 ||    18
  Use: Potion            |     1 |     2 |     2 ||     5
       Scroll            |       |     9 |     3 ||    12
 Stab: Sleeping          |     5 |    12 |     5 ||    22
       Paralysed         |       |       |     4 ||     4
Armor: Skin              |     6 |    16 |     6 ||    28
Dodge: Dodged            |    82 |   149 |   116 ||   347
